General information
- name: BNet
- type: Ladder team game (AT/RT)
- host: Battle.net
- saver: DogBallFriends
map: Monsoon
- players: 6
- length: 26:31
- speed: Fast
- version: 1.26 W3XP
- replay type:

» download(231 KB)
Players
team 1 (loser)
Death (
blue | 71 APM | 1859 actions | 26:12)
4 Priestess of the Moon
2 Searing Arrows
2 Trueshot Aura
1 Keeper of the Grove
1 Entangling Roots
» actions
| Assign group hotkey | 43 | |
| Basic commands | 16 | |
| Build / train | 58 | |
| Enter build submenu | 16 | |
| Enter hero's abilities submenu | 5 | |
| Right click | 1283 | |
| Select / deselect | 338 | |
| Select group hotkey | 59 | |
| Use ability | 41 | |
1859 total
» units
| Wisp | 13 | |
| Huntress | 15 | |
| Glaive Thrower | 6 | |
| Chimaera | 2 | |
| Hippogryph | 3 | |
39 total
» upgrades
| Strength of the Moon | 2 | |
| Moon Armor | 2 | |
| Vorpal Blades | 1 | |
| Corrosive Breath | 1 | |
6 total
» buildings
| Altar of Elders | 2 | |
| Moon Well | 7 | |
| Hunter's Hall | 1 | |
| Ancient of War | 2 | |
| Tree of Ages | 1 | |
| Tree of Eternity | 1 | |
| Ancient of Wind | 2 | |
| Chimaera Roost | 2 | |
18 total
» build order
00:08 Altar of Elders
00:09 Altar of Elders
00:10 Moon Well
01:40 Hunter's Hall
01:45 Ancient of War
02:00 Ancient of War
02:29 Moon Well
03:19 Moon Well
06:58 Tree of Ages
06:59 Moon Well
18:50 Tree of Eternity
19:50 Ancient of Wind
19:51 Ancient of Wind
19:56 Moon Well
20:00 Moon Well
21:24 Chimaera Roost
21:25 Chimaera Roost
21:31 Moon Well
» items
| Staff of Teleportation | 1 | |
| Scroll of Town Portal | 1 | |
2 total

»
sc-ruliz (
red | 145 APM | 3836 actions | 26:29)
4 Mountain King
2 Storm Bolt
2 Thunder Clap
3 Paladin
2 Holy Light
1 Devotion Aura
» actions
| Assign group hotkey | 112 | |
| Basic commands | 270 | |
| Build / train | 123 | |
| ESC pressed | 6 | |
| Enter build submenu | 47 | |
| Enter hero's abilities submenu | 7 | |
| Give item / drop item | 1 | |
| Right click | 1677 | |
| Select / deselect | 627 | |
| Select group hotkey | 828 | |
| Use ability | 138 | |
3836 total
» units
| Peasant | 20 | |
| Rifleman | 9 | |
| Mortar Team | 4 | |
| Priest | 4 | |
| Gryphon Rider | 1 | |
| Sorceress | 1 | |
| Spell Breaker | 1 | |
| Flying Machine | 1 | |
| Dragonhawk Rider | 1 | |
42 total
» upgrades
| Armor | 2 | |
| Gunpowder | 3 | |
| Long Rifles | 1 | |
| Magic Sentry | 1 | |
| Animal War Training | 1 | |
| Lumber Harvesting | 2 | |
| Fragmentation Shards | 1 | |
| Flare | 1 | |
| Flying Machine Bombs | 1 | |
| Flak Cannons | 1 | |
| Masonry | 1 | |
| Storm Hammers | 1 | |
| Sorceress Training | 2 | |
| Priest Training | 1 | |
| Control Magic | 1 | |
20 total
» buildings
| Altar of Kings | 1 | |
| Farm | 12 | |
| Blacksmith | 1 | |
| Barracks | 1 | |
| Lumber Mill | 3 | |
| Arcane Vault | 1 | |
| Keep | 2 | |
| Castle | 1 | |
| Scout Tower | 18 | |
| Arcane Tower | 3 | |
| Arcane Sanctum | 1 | |
| Guard Tower | 11 | |
| Workshop | 2 | |
| Town Hall | 4 | |
| Gryphon Aviary | 2 | |
63 total
» build order
00:05 Altar of Kings
00:08 Farm
00:47 Blacksmith
01:26 Barracks
01:36 Farm
01:58 Lumber Mill
02:03 Farm
02:18 Arcane Vault
02:37 Farm
04:00 Keep
04:00 Keep
05:10 Farm
08:01 Castle
08:02 Scout Tower
08:04 Farm
08:31 Arcane Tower
08:31 Arcane Tower
08:33 Farm
08:36 Scout Tower
08:39 Arcane Sanctum
09:13 Guard Tower
09:13 Guard Tower
11:17 Workshop
11:20 Workshop
11:47 Town Hall
11:52 Scout Tower
11:59 Lumber Mill
12:33 Farm
12:43 Scout Tower
12:45 Guard Tower
14:39 Scout Tower
14:41 Guard Tower
14:41 Guard Tower
16:25 Gryphon Aviary
16:27 Farm
16:28 Gryphon Aviary
17:18 Lumber Mill
18:49 Town Hall
18:51 Scout Tower
18:54 Scout Tower
18:57 Scout Tower
18:57 Scout Tower
18:58 Scout Tower
19:00 Scout Tower
20:08 Guard Tower
20:08 Guard Tower
20:50 Scout Tower
20:58 Guard Tower
22:34 Town Hall
22:39 Scout Tower
23:13 Guard Tower
23:14 Scout Tower
23:32 Farm
23:34 Farm
23:37 Farm
23:46 Town Hall
25:15 Scout Tower
25:16 Scout Tower
25:18 Scout Tower
25:19 Scout Tower
» items
| Scroll of Regeneration | 8 | |
| Lesser Clarity Potion | 6 | |
| Scroll of Town Portal | 3 | |
| Potion of Mana | 2 | |
19 total
VoRTiX (
pink | 102 APM | 2689 actions | 26:19)
4 Archmage
1 Summon Water Elemental
1 Brilliance Aura
2 Blizzard
1 Mountain King
1 Storm Bolt
» actions
| Assign group hotkey | 37 | |
| Basic commands | 125 | |
| Build / train | 113 | |
| Enter build submenu | 45 | |
| Enter hero's abilities submenu | 6 | |
| Right click | 1065 | |
| Select / deselect | 373 | |
| Select group hotkey | 795 | |
| Use ability | 130 | |
2689 total
» units
| Peasant | 26 | |
| Footman | 6 | |
| Sorceress | 1 | |
| Mortar Team | 5 | |
| Spell Breaker | 1 | |
| Rifleman | 1 | |
| Siege Engine | 9 | |
49 total
» upgrades
| Magic Sentry | 1 | |
| Fragmentation Shards | 1 | |
| Lumber Harvesting | 2 | |
| Flare | 1 | |
| Barrage | 1 | |
| Masonry | 1 | |
| Plating | 1 | |
8 total
» buildings
| Altar of Kings | 1 | |
| Barracks | 1 | |
| Farm | 12 | |
| Scout Tower | 17 | |
| Arcane Vault | 1 | |
| Arcane Tower | 5 | |
| Lumber Mill | 1 | |
| Keep | 4 | |
| Blacksmith | 2 | |
| Arcane Sanctum | 2 | |
| Guard Tower | 12 | |
| Workshop | 2 | |
| Castle | 2 | |
| Town Hall | 2 | |
64 total
» build order
00:09 Altar of Kings
00:19 Barracks
00:22 Farm
00:52 Farm
01:40 Farm
03:15 Scout Tower
03:17 Arcane Vault
03:44 Farm
03:50 Scout Tower
03:54 Arcane Tower
03:55 Arcane Tower
04:10 Lumber Mill
04:10 Keep
04:13 Keep
04:13 Keep
04:13 Keep
04:39 Arcane Tower
04:40 Arcane Tower
04:40 Arcane Tower
05:09 Blacksmith
05:12 Blacksmith
08:17 Scout Tower
08:18 Scout Tower
08:21 Scout Tower
08:23 Scout Tower
08:24 Scout Tower
08:26 Scout Tower
08:37 Arcane Sanctum
08:39 Arcane Sanctum
09:15 Guard Tower
09:16 Guard Tower
09:21 Guard Tower
09:24 Scout Tower
09:39 Scout Tower
09:50 Workshop
09:53 Farm
10:30 Scout Tower
10:31 Scout Tower
10:40 Guard Tower
11:00 Castle
11:01 Castle
11:36 Scout Tower
11:39 Scout Tower
11:40 Scout Tower
11:45 Town Hall
11:51 Town Hall
11:55 Guard Tower
11:55 Guard Tower
11:59 Scout Tower
12:01 Scout Tower
12:33 Workshop
12:39 Guard Tower
12:40 Guard Tower
13:11 Guard Tower
13:11 Guard Tower
15:25 Farm
15:25 Farm
15:26 Farm
19:47 Farm
19:47 Farm
19:49 Farm
19:51 Farm
» items
| Lesser Clarity Potion | 4 | |
| Scroll of Regeneration | 2 | |
| Boots of Speed | 3 | |
| Potion of Lesser Invulnerability | 2 | |
| Tome of Retraining | 1 | |
| Staff of Teleportation | 1 | |
| Scroll of Town Portal | 1 | |
| Orb of Fire | 1 | |
15 total
team 2 (winner)
DogBallFriends (
teal | 89 APM | 2356 actions | 26:31)
5 Demon Hunter
3 Mana Burn
2 Evasion
» actions
| Assign group hotkey | 11 | |
| Build / train | 63 | |
| Enter build submenu | 20 | |
| Enter hero's abilities submenu | 5 | |
| Give item / drop item | 7 | |
| Remove unit from queue | 1 | |
| Right click | 1743 | |
| Select / deselect | 269 | |
| Select group hotkey | 129 | |
| Use ability | 105 | |
2356 total
» units
» upgrades
| Ultravision | 1 | |
| Well Spring | 1 | |
| Strength of the Wild | 3 | |
| Corrosive Breath | 1 | |
6 total
» buildings
| Altar of Elders | 1 | |
| Moon Well | 15 | |
| Tree of Ages | 2 | |
| Tree of Eternity | 1 | |
| Ancient of Wind | 1 | |
| Hunter's Hall | 1 | |
| Tree of Life | 2 | |
| Chimaera Roost | 3 | |
26 total
» build order
00:25 Altar of Elders
00:30 Moon Well
03:15 Moon Well
07:12 Tree of Ages
10:30 Tree of Eternity
10:32 Ancient of Wind
12:26 Hunter's Hall
12:31 Tree of Life
12:53 Chimaera Roost
12:56 Chimaera Roost
16:17 Chimaera Roost
16:18 Moon Well
18:48 Moon Well
18:49 Moon Well
20:37 Moon Well
20:38 Moon Well
22:38 Moon Well
22:39 Moon Well
22:39 Moon Well
22:45 Tree of Life
22:50 Moon Well
22:50 Moon Well
22:51 Moon Well
22:53 Moon Well
22:53 Moon Well
» items
| Healing Salve | 6 | |
| Boots of Speed | 1 | |
| Staff of Teleportation | 1 | |
| Orb of Lightning | 1 | |
| Scroll of Town Portal | 2 | |
| Potion of Healing | 1 | |
12 total
ilackdogballs (
orange | 125 APM | 3311 actions | 26:30)
4 Archmage
2 Blizzard
2 Brilliance Aura
3 Blood Mage
2 Flame Strike
1 Siphon Mana
2 Pit Lord
1 Rain of Fire
1 Cleaving Attack
» actions
| Assign group hotkey | 421 | |
| Basic commands | 16 | |
| Build / train | 147 | |
| Enter build submenu | 101 | |
| Enter hero's abilities submenu | 10 | |
| Give item / drop item | 4 | |
| Right click | 1497 | |
| Select / deselect | 356 | |
| Select group hotkey | 472 | |
| Use ability | 287 | |
3311 total
» units
» upgrades
| Masonry | 4 | |
| Lumber Harvesting | 2 | |
| Magic Sentry | 1 | |
7 total
» buildings
| Altar of Kings | 1 | |
| Farm | 7 | |
| Lumber Mill | 1 | |
| Scout Tower | 129 | |
| Arcane Tower | 8 | |
| Guard Tower | 62 | |
| Arcane Vault | 3 | |
| Keep | 5 | |
| Town Hall | 1 | |
| Castle | 1 | |
| Arcane Sanctum | 1 | |
219 total
» build order
00:05 Altar of Kings
00:19 Farm
00:35 Lumber Mill
00:57 Farm
01:27 Scout Tower
01:38 Scout Tower
01:47 Scout Tower
01:50 Scout Tower
01:53 Arcane Tower
01:53 Arcane Tower
01:53 Arcane Tower
02:06 Arcane Tower
02:16 Scout Tower
02:18 Guard Tower
02:19 Guard Tower
02:28 Scout Tower
03:24 Guard Tower
03:25 Scout Tower
03:27 Guard Tower
03:28 Scout Tower
03:29 Scout Tower
03:40 Arcane Vault
03:45 Scout Tower
03:46 Scout Tower
04:07 Guard Tower
04:22 Keep
04:22 Keep
04:22 Keep
04:23 Keep
04:48 Guard Tower
04:50 Scout Tower
04:53 Guard Tower
04:55 Scout Tower
04:56 Scout Tower
05:23 Town Hall
05:45 Guard Tower
05:46 Arcane Vault
05:51 Scout Tower
05:51 Scout Tower
07:34 Castle
08:03 Guard Tower
08:04 Scout Tower
08:05 Scout Tower
08:16 Arcane Sanctum
08:38 Guard Tower
08:41 Guard Tower
08:43 Scout Tower
08:44 Scout Tower
08:44 Scout Tower
08:48 Scout Tower
08:59 Guard Tower
09:02 Scout Tower
09:03 Scout Tower
09:04 Scout Tower
09:05 Scout Tower
09:19 Guard Tower
09:20 Guard Tower
09:22 Scout Tower
09:23 Scout Tower
09:24 Scout Tower
09:38 Scout Tower
09:38 Scout Tower
09:39 Scout Tower
09:40 Scout Tower
10:22 Guard Tower
10:38 Guard Tower
10:59 Guard Tower
11:07 Guard Tower
11:20 Scout Tower
11:21 Scout Tower
12:26 Guard Tower
12:28 Scout Tower
12:30 Scout Tower
12:31 Scout Tower
13:12 Scout Tower
13:13 Scout Tower
14:07 Guard Tower
14:09 Scout Tower
14:09 Scout Tower
14:10 Scout Tower
14:11 Scout Tower
14:11 Scout Tower
14:12 Scout Tower
14:12 Scout Tower
14:13 Scout Tower
14:37 Guard Tower
14:57 Scout Tower
14:58 Scout Tower
15:50 Guard Tower
15:51 Scout Tower
15:53 Scout Tower
16:20 Arcane Tower
16:26 Guard Tower
17:10 Guard Tower
17:13 Scout Tower
17:14 Scout Tower
17:19 Scout Tower
17:19 Scout Tower
17:21 Farm
17:22 Farm
17:23 Farm
17:24 Farm
17:24 Farm
17:31 Scout Tower
17:32 Scout Tower
17:35 Scout Tower
18:31 Guard Tower
18:36 Guard Tower
18:41 Scout Tower
18:42 Scout Tower
18:42 Scout Tower
18:48 Arcane Tower
18:55 Scout Tower
18:56 Scout Tower
18:56 Scout Tower
19:13 Guard Tower
19:14 Scout Tower
19:16 Scout Tower
19:16 Scout Tower
19:44 Scout Tower
19:46 Scout Tower
19:47 Scout Tower
19:49 Scout Tower
19:49 Scout Tower
20:14 Guard Tower
20:16 Scout Tower
20:17 Scout Tower
20:20 Scout Tower
20:20 Scout Tower
20:21 Scout Tower
20:22 Scout Tower
20:22 Guard Tower
20:26 Guard Tower
20:28 Scout Tower
20:28 Scout Tower
20:51 Guard Tower
20:55 Guard Tower
20:57 Scout Tower
20:58 Scout Tower
21:00 Guard Tower
21:02 Scout Tower
21:02 Scout Tower
21:03 Scout Tower
21:04 Guard Tower
21:08 Scout Tower
21:09 Scout Tower
21:09 Scout Tower
21:25 Guard Tower
21:29 Scout Tower
21:30 Scout Tower
21:31 Scout Tower
21:31 Scout Tower
21:34 Guard Tower
21:42 Scout Tower
21:43 Scout Tower
21:44 Scout Tower
21:44 Scout Tower
21:45 Scout Tower
21:46 Scout Tower
21:47 Guard Tower
21:50 Scout Tower
21:51 Scout Tower
21:53 Guard Tower
21:54 Scout Tower
21:55 Scout Tower
22:10 Guard Tower
22:12 Scout Tower
22:13 Scout Tower
22:16 Scout Tower
22:17 Scout Tower
22:17 Scout Tower
22:19 Scout Tower
23:01 Guard Tower
23:06 Scout Tower
23:07 Scout Tower
23:32 Guard Tower
23:32 Guard Tower
23:32 Guard Tower
23:32 Guard Tower
23:33 Guard Tower
23:34 Guard Tower
23:34 Guard Tower
23:34 Guard Tower
23:36 Guard Tower
23:38 Guard Tower
23:40 Guard Tower
23:40 Guard Tower
23:40 Guard Tower
23:42 Scout Tower
23:43 Scout Tower
25:10 Guard Tower
25:20 Arcane Vault
25:23 Guard Tower
25:27 Scout Tower
25:28 Scout Tower
25:30 Scout Tower
25:31 Scout Tower
25:38 Guard Tower
26:05 Scout Tower
26:05 Scout Tower
26:08 Scout Tower
26:08 Scout Tower
26:10 Scout Tower
26:11 Scout Tower
26:12 Scout Tower
26:15 Guard Tower
26:18 Scout Tower
» items
| Boots of Speed | 5 | |
| Staff of Teleportation | 6 | |
| Scroll of Town Portal | 5 | |
| Scroll of Regeneration | 2 | |
| Healing Salve | 3 | |
| Orb of Lightning | 3 | |
| Staff of Sanctuary | 3 | |
27 total
lickshndogsball (
purple | 86 APM | 2283 actions | 26:30)
6 Blademaster
2 Wind Walk
3 Critical Strike
1 Bladestorm
» actions
| Assign group hotkey | 8 | |
| Basic commands | 11 | |
| Build / train | 50 | |
| ESC pressed | 1 | |
| Enter build submenu | 54 | |
| Enter hero's abilities submenu | 6 | |
| Give item / drop item | 5 | |
| Right click | 1612 | |
| Select / deselect | 124 | |
| Select group hotkey | 288 | |
| Use ability | 124 | |
2283 total
» units
» upgrades
| Ranged Weapons | 3 | |
| Liquid Fire | 1 | |
| Spiked Barricades | 1 | |
| Armor | 2 | |
7 total
» buildings
| War Mill | 1 | |
| Orc Burrow | 4 | |
| Altar of Storms | 1 | |
| Watch Tower | 39 | |
| Voodoo Lounge | 3 | |
| Stronghold | 2 | |
| Beastiary | 2 | |
| Fortress | 1 | |
| Great Hall | 1 | |
54 total
» build order
00:11 War Mill
00:16 Orc Burrow
00:23 Altar of Storms
01:32 Watch Tower
02:00 Voodoo Lounge
02:02 Voodoo Lounge
02:11 Watch Tower
02:57 Stronghold
02:57 Stronghold
03:33 Watch Tower
03:35 Watch Tower
04:26 Orc Burrow
04:27 Orc Burrow
04:54 Watch Tower
04:54 Watch Tower
05:23 Beastiary
05:23 Beastiary
05:25 Fortress
05:47 Watch Tower
05:48 Watch Tower
06:00 Watch Tower
06:02 Watch Tower
07:30 Watch Tower
07:31 Watch Tower
07:55 Voodoo Lounge
08:25 Orc Burrow
08:40 Watch Tower
08:41 Watch Tower
09:16 Great Hall
09:48 Watch Tower
09:48 Watch Tower
10:43 Watch Tower
11:44 Watch Tower
11:45 Watch Tower
12:22 Watch Tower
12:57 Watch Tower
12:58 Watch Tower
13:30 Watch Tower
14:50 Watch Tower
16:00 Watch Tower
16:01 Watch Tower
16:22 Watch Tower
17:12 Watch Tower
17:13 Watch Tower
18:47 Watch Tower
19:15 Watch Tower
20:17 Watch Tower
20:55 Watch Tower
21:24 Watch Tower
21:25 Watch Tower
22:35 Watch Tower
25:14 Watch Tower
25:17 Watch Tower
26:18 Watch Tower
» items
| Boots of Speed | 1 | |
| Staff of Teleportation | 1 | |
| Healing Salve | 1 | |
| Lesser Clarity Potion | 4 | |
| Orb of Lightning | 4 | |
11 total
Chat log
(03:38 / All) VoRTiX: nice fucking mh
(03:40 / All) VoRTiX: trasdh
(03:44 / All) DogBallFriends: lol
(03:55 / All) ilackdogballs: has no game sense.. a sad man
(04:27 / All) Death: i forgot u scouted to look for hu
(04:28 / All) Death: lol
(07:10 / All) DogBallFriends: nice micro...?
(07:16 / All) VoRTiX: lmao
(07:17 / All) Death: nice hack...?
(07:25 / All) DogBallFriends: lol
(07:27 / All) VoRTiX: you guys hack
(07:28 / All) VoRTiX: why even bother
(07:29 / All) DogBallFriends: lol
(07:30 / All) DogBallFriends: Watch replay
(07:41 / All) DogBallFriends: rifles hoho
(07:56 / All) ilackdogballs: he tried to expand right in the beginning... wonder if he'll try again??
(11:07 / All) DogBallFriends: lol
(11:09 / All) DogBallFriends: KOL
(11:10 / All) DogBallFriends: LOL
(11:10 / All) DogBallFriends: LOL
(18:20 / All) DogBallFriends: zap
(18:20 / All) sc-ruliz: dont fucknig touch my shit
(18:23 / All) DogBallFriends: lmao
(18:28 / All) DogBallFriends: rude
(19:55 / All) DogBallFriends: lol
(20:19 / All) DogBallFriends: y'all bad
(21:01 / All) DogBallFriends: hehe lol
(21:05 / All) DogBallFriends: clan towa #1
(21:21 / All) DogBallFriends: cancelling buildings gives you resources back!
(21:54 / All) DogBallFriends: blue
(22:00 / All) DogBallFriends: expanding gives you more resources to make army with
(22:25 / All) DogBallFriends: lol
(23:13 / All) DogBallFriends: tanks, lmao
(23:42 / All) DogBallFriends: good surround
(23:46 / All) DogBallFriends: press Move on me next time to close it
(25:02 / All) DogBallFriends: leave
(25:03 / All) DogBallFriends: quit the game
(25:04 / All) DogBallFriends: now
(25:53 / All) DogBallFriends: good cancel! you are getting better
(25:59 / All) sc-ruliz: lol
(26:19 / All) ilackdogballs: gg
(26:19 / All) DogBallFriends: good leave!
(26:20 / All) ilackdogballs: well played
(26:22 / All) DogBallFriends: you know when to quit
(26:24 / All) ilackdogballs: you were good
(26:25 / All) DogBallFriends: shitbit birdnoobs